 Dungeon Crawl Stone Soup version 0.29.0-4-gdea44cf6ec (webtiles) character file.

Game seed: 6720018034747052973

4 qw the Sneak (level 1, -1/14 HPs)
             Began as a Gargoyle Delver on Sept 10, 2022.
             Slain by a goblin
             ... wielding a +0 club
              (2 damage)
             ... on level 4 of the Dungeon.
             The game lasted 00:00:05 (155 turns).

qw the Sneak (Gargoyle Delver)                       Turns: 155, Time: 00:00:06

Health: -1/14      AC:  5    Str: 15    XL:     1   Next: 60%
Magic:  1/1        EV: 11    Int: 10    God:
Gold:   16         SH:  0    Dex: 11    Spells: 0/0 levels left

rFire   . . .      SeeInvis .   Y - +0 hand axe
rCold   . . .      Faith    .   (no shield)
rNeg    + . .      Spirit   .   b - +0 leather armour
rPois   inf        Reflect  .   (no helmet)
rElec   +          Harm     .   (no cloak)
rCorr   .          Rampage  .   (no gloves)
Will    .....                   (no boots)
Stlth   +++.......              (no amulet)
HPRegen 0.04/turn               (no ring)
MPRegen 0.07/turn               (no ring)

@: no status effects
A: sickness immunity, AC +2, negative energy resistance 1, electricity
resistance, torment resistance 1, petrification resistance
a: no special abilities


You were on level 4 of the Dungeon.
You visited 1 branch of the dungeon, and saw 2 of its levels.

You collected 16 gold pieces.


Innate Abilities, Weirdness & Mutations

You are immune to sickness and miasma.
Your stone body is resilient. (AC +2)
You are immune to poison.
You resist negative energy. (rN+)
You are resistant to electric shocks. (rElec)
You are resistant to unholy torment.
You are immune to petrification.


   Skills:
 - Level 3.2 Fighting
 + Level 2.1 Axes
 - Level 1.5 Dodging
 - Level 5.4 Stealth


You couldn't memorise any spells.
You didn't know any spells.
Your spell library was empty.

Inventory:

Hand Weapons
 Y - a +0 hand axe (weapon)
Armour
 b - a +0 leather armour (worn)
Wands
 g - a wand of digging (3)
Scrolls
 a - a scroll of immolation {unknown}
Potions
 f - a potion of haste

Dungeon Overview and Level Annotations

Branches:
Dungeon (5/15)
 Temple: D:4-7

Altars:


Message History

The adder barely misses you. The adder closely misses you. The orc misses you.
You hit the adder but do no damage.
The adder is almost dead.
You closely miss the orc. The adder bites you but does no damage.
The orc completely misses you. The adder barely misses you.
You closely miss the adder.
The adder is almost dead.
You hit the orc. The orc closely misses you. The adder barely misses you.
You barely miss the adder.
The adder is almost dead.
You closely miss the orc. The adder closely misses you.
The orc hits you but does no damage. The adder closely misses you.
The orc closely misses you.
You closely miss the adder.
The adder is almost dead.
You closely miss the orc. The adder closely misses you.
The orc hits you with a +0 mace.
You closely miss the adder.
The adder is almost dead.
You miss the goblin. You hit the orc. The adder closely misses you.
The goblin hits you but does no damage. The orc misses you.
The adder bites you but does no damage.
You closely miss the adder.
The adder is almost dead.
You hit the orc. You closely miss the goblin.
The adder bites you but does no damage. The orc hits you with a +0 mace.
The goblin hits you but does no damage.
You closely miss the adder.
The adder is almost dead.
You closely miss the goblin. You hit the orc but do no damage.
The adder barely misses you. The orc hits you but does no damage.
The goblin hits you with a +0 club. The adder barely misses you.
You hit the orc.
You kill the orc!
You hit the adder. You completely miss the goblin.
The goblin hits you with a +0 club. The adder barely misses you.
The goblin hits you with a +0 club.
You die...

..... ....
#....#####... .##
#...........#......
...........>#..#...
............#......
.................#
......gS.........#
......)@.........##.
......##............
..... #..##.........
?....###.........#.
......##.........#
.........###....## .
# #.....##....###.
##.#...............
............##.....


You could see an adder and a goblin.

Vanquished Creatures
  An orc (D:4)
  An endoplasm (D:4)
  2 giant cockroaches (D:4)
4 creatures vanquished.

Notes
Turn   | Place    | Note
-------+----------+-------------------------------------------
     0 | D:5      | qw the Gargoyle Delver began the quest for the Orb.
     0 | D:5      | Reached XP level 1. HP: 14/14 MP: 1/1
     0 | D:5      | 0 ||| qw: Version: 0.1-a-116-g5d60599
     0 | D:5      | 0 ||| qw: Game counter: 8528
     0 | D:5      | 0 ||| qw: Always use a shield: true
     0 | D:5      | 0 ||| qw: God list: Okawaru
     0 | D:5      | 0 ||| qw: Allow faded altars: false
     0 | D:5      | 0 ||| qw: Do Orc after D:15 true
     0 | D:5      | 0 ||| qw: Do second Lair branch before Depths: true
     0 | D:5      | 0 ||| qw: Lair rune preference: random
     0 | D:5      | 0 ||| qw: Plans: Normal
     0 | D:5      | 0 ||| PLANNING D:1-11
    37 | D:5      | 37 ||| READING scroll labelled XISOEX TO EMN.
    38 | D:5      | 38 ||| DROPPING scroll of fog.
    39 | D:5      | 39 ||| DROPPING scroll of magic mapping.
    40 | D:5      | 40 ||| DROPPING scroll of fear.
   154 | D:4      | HP: 2/14 [goblin/+0 club (3)]
   155 | D:4      | Slain by a goblin

Levels and vault maps discovered:
D:4:      layout_cave_pools, mainiacjoe_overflow_chevrons
D:5:      layout_basic, minmay_temple_entry_stoned_glass

Skill      XL: |  1 |
---------------+----+-----
Axes           | 2 |  2.1
Fighting       | |  3.2
Dodging        | |  1.5
Stealth        | |  5.4

Action                   || total
-------------------------++-------
Melee: Hand axe          ||    20
  Use: Scroll            ||     1
 Stab: Sleeping          ||     1
Armor: Leather armour    ||     9
Dodge: Dodged            ||    28

Table legend:
 A = Non-vault XP
 B = Vault XP
 C = Vault XP percentage of total XP
 D = Non-vault monster count
 E = Vault monster count
 F = Vault count percentage of total count
                 A         B        C        D         E       F
            +---------+---------+-------+---------+---------+-------
      Total |       9 |       0 |   0.0 |       4 |       0 |   0.0
            +---------+---------+-------+---------+---------+-------
        D:4 |       9 |       0 |   0.0 |       4 |       0 |   0.0
            +---------+---------+-------+---------+---------+-------
